AoeStats
← baophule

Pilgrims

509420260Analyzed
2v2 RM · 7d ago on Sep 26, 2026· 44m 58s· 4 players
Game mode
Random Map
Map size
Medium (4 player)
Population
200
Speed
Normal
Resources
Standard
Victory
Conquest
Starting age
Dark Age
Ending age
Imperial Age
RankedLock teamsTeams togetherTeam positionsShared explorationLock speedFull tech treeHidden civsTurbo modeCheats
Victory
Defeat
🇨🇳 Spanish · China
1122
+18
🇨🇳 Persians · China
1122
+18
🇻🇳 Magyars · Vietnam
1166
-18
🇻🇳 Koreans · Vietnam
1165
-18
tumine
7:39 Loom
10:25 Feudal Age
11:37 Double-Bit Axe
13:54 Forging
14:29 Wheelbarrow
14:30 Fishing Lines
19:09 Castle Age
20:58 Bow Saw
21:47 Hand Cart
21:54 Scale Barding Armor
24:24 Gold Mining
24:30 Town Watch
25:43 Bloodlines
26:30 Husbandry
30:26 Stone Mining
31:12 Gold Shaft Mining
31:59 Stone Shaft Mining
32:52 Chain Barding Armor
32:37 Horse Collar
34:23 Heavy Plow
35:53 Gillnets
38:56 Imperial Age
37:42 Iron Casting
40:20 Chemistry
38:42 Cavalier
40:35 Crop Rotation
40:44 Plate Barding Armor
41:09 Blast Furnace
40:34 Savar
43:26 Two-Man Saw
LD
3:49 Loom
12:16 Feudal Age
20:58 Castle Age
19:47 Scale Barding Armor
20:50 Bloodlines
20:42 Fishing Lines
22:44 Wheelbarrow
22:34 Gillnets
32:06 Fletching
32:37 Chain Barding Armor
40:50 Imperial Age
43:43 Chemistry
43:54 Conscription
44:13 Padded Archer Armor
44:09 Bodkin Arrow
44:50 Plate Barding Armor
44:25 Forging
44:20 Husbandry
Phát
14:40 Feudal Age
15:10 Loom
15:38 Gold Mining
23:20 Castle Age
22:13 Double-Bit Axe
23:20 Scale Barding Armor
23:36 Bloodlines
29:01 Chain Barding Armor
32:35 Horse Collar
33:07 Bow Saw
32:46 Town Watch
42:56 Imperial Age
42:12 Corvinian Army
43:15 Wheelbarrow
43:10 Cavalier
baophule
6:49 Loom
12:04 Feudal Age
16:12 Castle Age
15:17 Fletching
21:35 Bodkin Arrow
32:14 Double-Bit Axe
38:04 Elite Skirmisher
42:10 Thumb Ring
Connection lost

Rejoining the realm…

Still unreachable

The connection could not be restored.

Session expired

The server has moved on; the page needs a fresh start.